 Dungeon Crawl Stone Soup version 0.29.1-13-g9f3cf754e1 (webtiles) character file.

Game seed: 11672692788692497464

3 OTABOTABOTAB the Caller (level 1, -1/11 HPs)
             Began as an Octopode Summoner on Jan 31, 2023.
             Slain by a goblin
             ... wielding a +0 dagger
              (2 damage)
             ... on level 1 of the Dungeon.
             The game lasted 00:00:27 (75 turns).

OTABOTABOTAB the Caller (Octopode Summoner)           Turns: 75, Time: 00:00:28

Health: -1/11      AC:  1    Str:  7    XL:     1   Next: 50%
Magic:  0/3        EV: 13    Int: 17    God:
Gold:   0          SH:  0    Dex: 12    Spells: 3/4 levels left

rFire   . . .      SeeInvis .   (no weapon)
rCold   . . .      Faith    .   (no shield)
rNeg    . . .      Spirit   .   (helmet restricted)
rPois   .          Reflect  .   (no amulet)
rElec   .          Harm     .   (no ring)
rCorr   .          Rampage  .   (no ring)
Will    .....                   (no ring)
Stlth   +++.......              (no ring)
HPRegen 0.03/turn               (no ring)
MPRegen 0.08/turn               (no ring)
                                (no ring)
                                (no ring)

@: no status effects
A: almost no armour, amphibious, 8 rings, camouflage 1, gelatinous body 1,
(nimble swimmer 1), tentacles
a: no special abilities


You were on level 1 of the Dungeon.
You visited 1 branch of the dungeon, and saw 1 of its levels.

Inventory:

Jewellery
 P - a ring of poison resistance {rPois, !d}
   (You found it on level 1 of the Dungeon)
Potions
 M - a potion of magic


   Skills:
 - Level 2.0 Dodging
 - Level 2.6 Stealth
 + Level 2.1 Spellcasting
 + Level 4.1 Summonings


You had 3 spell levels left.
You knew the following spells:

 Your Spells              Type           Power      Damage    Failure   Level
a - Summon Small Mammal   Summ           60%        N/A       3%          1

Your spell library contained the following spells:

 Spells                   Type           Power      Damage    Failure   Level
 Call Imp                 Summ           15%        N/A       5%          2
 Call Canine Familiar     Summ           15%        N/A       11%         3
 Summon Guardian Golem    Hex/Summ       8%         N/A       24%         3
 Summon Lightning Spire   Summ/Air       8%         N/A       63%         4


Dungeon Overview and Level Annotations

Branches:
Dungeon (1/15)

Altars:


Innate Abilities, Weirdness & Mutations

You cannot wear most types of armour.
You are amphibious.
You can wear up to eight rings at the same time.
Your skin changes colour to match your surroundings (Stealth+).
Your rubbery body absorbs attacks. (AC +1, EV +1)
((You are camouflaged when in or above water. (Stealth+)))
You have tentacles for arms and can constrict up to eight enemies at once.


Message History

Bad channel name for runrest: 'Jiyva says: Divide and consume' Welcome, OTABOTABOTAB the Octopode Summoner.
If you return without finding the Orb of Zot, so far below, it's all over!
Found a staircase leading out of the dungeon.
P - a ring of poison resistance {rPois, !d}
There is a fountain of clear blue water here.
There is a dry fountain here.
a - 2 javelins
Found a stone staircase leading down. 2 hobgoblins and a ball python come into view.
Found a stone staircase leading down.
You now have 2/3 mp.
You now have 1/3 mp.
You throw a javelin.
The javelin pierces through the hobgoblin.
You hear a shout!
A rat comes into view.
A quokka comes into view.
Sorry, you're not good enough to have a special ability.
You throw a javelin.
The javelin barely misses the hobgoblin.
The javelin closely misses the rat.
A kobold comes into view. It is wielding a +0 dagger.
Your quokka bites the hobgoblin.
The hobgoblin misses your quokka.
Your quokka closely misses the hobgoblin.
The hobgoblin misses you.
A goblin comes into view. It is wielding a +0 dagger.
You tentacle-slap the hobgoblin. You grab the hobgoblin.
You constrict the hobgoblin, but do no damage.
Your quokka closely misses the hobgoblin.
The hobgoblin hits you.
The hobgoblin closely misses your quokka.
You take 4 damage, and have 7/11 hp.
MASSIVE DAMAGE!!
You tentacle-slap the hobgoblin but do no damage.
You constrict the hobgoblin.
You kill the hobgoblin!
Your quokka bites the hobgoblin.
The hobgoblin dies!
What are your orders? t - Shout!
Orders for allies: a - Attack new target. r - Retreat! s - Stop attacking. g - Guard the area. f - Follow me.
Anything else - Cancel.
Gang up on whom?
Aim: a quokka (ally target) Attack!
The quokka attacks as you move away! The quokka closely misses you.
The rat attacks as you move away! The rat closely misses you.
The kobold barely misses your quokka.
Your quokka bites the rat.
The rat dies!
The quokka bites you.
* * * LOW HITPOINT WARNING * * *
You take 4 damage, and have 3/11 hp.
MASSIVE DAMAGE!!
Your quokka disappears in a puff of smoke!
The quokka barely misses you. The kobold misses your quokka.
You now have 1/3 mp.
The kobold throws a stone.
The stone closely misses your quokka.
The stone hits the quokka.
Your quokka disappears in a puff of smoke!
The quokka bites you.
* * * LOW HITPOINT WARNING * * *
Your quokka barely misses the quokka.
You take 3 damage, and have 1/11 hp.
MASSIVE DAMAGE!!
You now have 0/3 mp.
The quokka attacks as you move away! The quokka closely misses you.
Your rat barely misses the quokka.
The quokka attacks as you move away! The quokka barely misses you.
The quokka barely misses your rat.
Your quokka barely misses the quokka.
The quokka closely misses your rat.
Your rat barely misses the quokka.
What are your orders? t - Shout!
Orders for allies: a - Attack new target. p - Attack previous target. r - Retreat! s - Stop attacking. g - Guard the area. f - Follow me.
Anything else - Cancel.
Gang up on whom?
Aim: a quokka (ally target) Attack!
Your quokka bites the quokka.
The quokka closely misses your rat.
Your rat bites the quokka but does no damage.
Your quokka barely misses the quokka.
The quokka bites your rat.
Your rat dies!
Your rat's corpse disappears in a puff of smoke!
Your quokka closely misses the quokka.
The goblin attacks as you move away! The goblin hits you with a +0 dagger.
You die...

##........ ##....... ##
##........ .. .......... (# #. .#
##........ ... .. ##.# #..⌠......
#.# #> #.. ##......... ..... #.#
##..⌠.⌠....[ # #.#. #@#
##........... ..... #g#
##...⌠.⌠.⌠.... .#.#.#†#########.#
#.............
...$......##S..K.####..#######...
#..#.........§....###............
#............r.......###########
##................####
#................#
#...>.............#


You could see a goblin, a kobold and a friendly quokka (summoned).

Vanquished Creatures
  A hobgoblin (D:1)
1 creature vanquished.

Vanquished Creatures (collateral kills)
  A hobgoblin (D:1)
  A rat (D:1)
2 creatures vanquished.

Grand Total: 3 creatures vanquished

Notes
Turn   | Place    | Note
-------+----------+-------------------------------------------
     0 | D:1      | OTABOTABOTAB the Octopode Summoner began the quest for the
                  | Orb.
     0 | D:1      | Reached XP level 1. HP: 11/11 MP: 3/3
    67 | D:1      | HP: 1/11 [quokka (3)]
    75 | D:1      | Slain by a goblin

Illustrated notes

Levels and vault maps discovered:
D:1:      eino_arrival_cavern_a, layout_rooms, serial_forest,
          infiniplex_forest_diagonal, infiniplex_forest_side_room,
          infiniplex_forest_corner_2, infiniplex_forest_straight_5,
          infiniplex_forest_clump_curved, infiniplex_forest_straight_4,
          infiniplex_forest_straight_4, chequers_ecumenical_altar_simple_redux,
          st_stairs_2

Action                   || total
-------------------------++-------
Melee: Unarmed           ||     2
       Constrict         ||     1
Throw: Javelin           ||     2
 Cast: Summon Small Mamm ||     4
Dodge: Dodged            ||     6

Table legend: (Time is in decaauts)
 A = Elapsed time spent in this place.
 B = Non-inter-level travel time spent in this place.
 C = Inter-level travel time spent in this place.
 D = Time resting spent in this place.
 E = Time spent auto-exploring this place.
 F = Levels seen in this place.
 G = Mean time per level.
                   A        B        C        D        E       F      G
               +--------+--------+--------+--------+--------+-----+--------+
         Total |     76 |     76 |      0 |      0 |     49 |   1 |   76.0 |
       Dungeon |     76 |     76 |      0 |      0 |     49 |   1 |   76.0 |
               +--------+--------+--------+--------+--------+-----+--------+

Top non-repeatable levels by time:
     D:1: 76 daAuts

Table legend:
 A = Kills in this place as a percentage of kills in entire the game.
 B = Kills by you in this place as a percentage of kills by you in the entire game.
 C = Kills by friends in this place as a percentage of kills by friends in the entire game.
 D = Other kills in this place as a percentage of other kills in the entire game.
 E = Experience gained in this place as a percentage of experience gained in the entire game.
 F = Experience gained in this place divided by the number of levels of this place that you have seen.
                   A       B       C       D       E      F
               +-------+-------+-------+-------+-------+----------------------
         Total | 100.0 | 100.0 | 100.0 |   N/A | 100.0 |   5.0
       Dungeon | 100.0 | 100.0 | 100.0 |   N/A | 100.0 |   5.0
               +-------+-------+-------+-------+-------+----------------------
